 Dungeon Crawl Stone Soup version 0.31-a0-931-g7b59d4eb97 (webtiles) character file.

Game seed: 457648440640287088

345 BigDaddyOpFi the Trooper (level 6, -1/49 HPs)
             Began as a Demonspawn Fighter on Oct 19, 2023.
             Slain by an ogre
             ... wielding a +0 giant club
              (12 damage)
             ... on level 4 of the Dungeon.
             The game lasted 00:03:20 (2722 turns).

BigDaddyOpFi the Trooper (Demonspawn Fighter)       Turns: 2722, Time: 00:03:21

Health: -1/49      AC: 10    Str: 18    XL:     6   Next: 32%
Magic:  6/6        EV:  9    Int: 10    God:
Gold:   635        SH:  5    Dex: 18    Spells: 5/5 levels left

rFire   . . .        a - +0 war axe
rCold   . . .        c - +0 buckler
rNeg    . . .        b - +0 scale mail
rPois   .            (no helmet)
rElec   .            g - +0 cloak
rCorr   .            (no gloves)
SInv    .            (no boots)
Will    .....        (no amulet) Stlth
                     j - +6 ring of dexterity
HPRegen 0.28/turn    (no ring)
MPRegen 0.10/turn

%: no passive effects
@: brilliant
A: powered by death 2, sharp scales 2
a: no special abilities


You were on level 4 of the Dungeon.
You visited 1 branch of the dungeon, and saw 4 of its levels.

You collected 635 gold pieces.

Inventory:

Hand Weapons
 a - a +0 war axe (weapon)
Armour
 b - a +0 scale mail (worn)
 c - a +0 buckler (worn)
 g - a +0 cloak (worn)
Jewellery
 j - a +6 ring of dexterity (left hand)
 l - a ring of protection from cold
Scrolls
 e - 4 scrolls of identify
 f - 2 scrolls of amnesia
 n - a scroll of fog {unknown}
 p - 3 scrolls of immolation {unknown}
 q - a scroll of poison {unknown}
Potions
 d - a potion of might
 i - a potion of haste {unknown}
 k - 3 potions of curing {unknown}
 m - a potion of enlightenment {unknown}
 o - a potion of heal wounds {unknown}


   Skills:
 + Level 4.3 Fighting
 + Level 3.3 Axes
 + Level 4.0 Armour
 + Level 4.0 Shields


You had 5 spell levels left.
You didn't know any spells.
Your spell library contained the following spells:

 Spells                   Type           Power      Damage    Failure   Level
 Apportation              Tloc           0%         N/A       82%         1
 Jinxbite                 Hex            0%         N/A       91%         2
 Alistair's Intoxication  Tmut/Pois      0%         N/A       100%        5


Dungeon Overview and Level Annotations

Branches:
Dungeon (4/15)
 Temple: D:4-7

Altars:
Yredelemnul

Shops:
D:3 [


Innate Abilities, Weirdness & Mutations

You regenerate health from kills.
You are mostly covered in razor-sharp scales. (AC +2, Slay +2)


Message History

Found a scroll of identify and a leather armour.
e - 4 scrolls of identify (gained 1)
There is a shaft here.
An orc comes into view. It is wielding a +0 flail.
The orc shouts!
You hear a shout!
The orc throws a boomerang.
The boomerang hits you but does no damage.
An orc is nearby!
An orc is nearby!
A giant cockroach comes into view.
An ogre comes into view. It is wielding a +0 giant club.
The orc throws a boomerang.
The boomerang hits you but does no damage.
There are monsters nearby!
You slash the orc!
You kill the orc!
Your Armour skill increases to level 4!
You block the giant cockroach's attack.
You closely miss the giant cockroach.
A hound comes into view.
You block the giant cockroach's attack.
The giant cockroach bites you but does no damage.
The hound barks!
You slash the ogre!
The ogre is moderately wounded.
You barely miss the giant cockroach.
An adder comes into view.
The giant cockroach bites you. The ogre hits you with a +0 giant club!
You barely miss the ogre.
The ogre is moderately wounded.
The adder hisses angrily.
You hit the giant cockroach. The giant cockroach closely misses you.
The giant cockroach bites you but does no damage.
The ogre hits you with a +0 giant club!!
* * * LOW HITPOINT WARNING * * *
You are too injured to fight recklessly!
It was a potion of brilliance.
You feel clever all of a sudden. You block the giant cockroach's attack.
The ogre hits you with a +0 giant club!
You die...

#.........# #.........#
#.........# ..
#.........# ..
#.........# ..
#####........ ..
........B.#####
###############)@O.S....
.................h......
.##........####.........
.###....................
.....##########.........
...### #.........
....### ..........
..#...## ....##.###
#.^##..#### ..#.# .#


You could see an ogre, a hound, an adder and a giant cockroach.

Vanquished Creatures
  A phantom (D:4)
  An iguana (D:4)
  2 orc wizards (D:4)
  8 adders
  7 worms
  2 dart slugs
  12 orcs
  5 endoplasms
  2 giant cockroaches (D:2)
  11 goblins
  7 hobgoblins (D:1)
  2 jackals (D:4)
  4 quokkas
  2 ball pythons
  7 bats
  2 frilled lizards
  8 kobolds
  6 rats
89 creatures vanquished.

Notes
Turn   | Place    | Note
-------+----------+-------------------------------------------
     0 | D:1      | BigDaddyOpFi the Demonspawn Fighter began the quest for the
                  | Orb.
     0 | D:1      | Reached XP level 1. HP: 18/18 MP: 1/1
   127 | D:1      | Gained mutation: You are partially covered in razor-sharp
                  | scales. (AC +1, Slay +1) [demonic ancestry]
   127 | D:1      | Reached XP level 2. HP: 24/24 MP: 2/2
   218 | D:1      | Found a faded altar of an unknown god.
   416 | D:1      | Gained mutation: You regenerate a little health from kills.
                  | [demonic ancestry]
   416 | D:1      | Reached XP level 3. HP: 29/29 MP: 3/3
  1272 | D:2      | Reached XP level 4. HP: 25/35 MP: 4/4
  1628 | D:3      | Found Ciwn's Armour Shoppe.
  1646 | D:3      | Identified a scroll of acquirement
  1945 | D:3      | Identified the +7 war axe of the Manifold Artisans {drain,
                  | Drain rElec rPois rF+}
  2041 | D:3      | Acquired 465 gold pieces
  2502 | D:4      | Gained mutation: You regenerate health from kills. [demonic
                  | ancestry]
  2502 | D:4      | Reached XP level 5. HP: 39/42 MP: 5/5
  2552 | D:4      | Noticed a phantom
  2556 | D:4      | Killed a phantom
  2557 | D:4      | Gained mutation: You are mostly covered in razor-sharp
                  | scales. (AC +2, Slay +2) [demonic ancestry]
  2557 | D:4      | Reached XP level 6. HP: 48/48 MP: 6/6
  2641 | D:4      | Found a basalt altar of Yredelemnul.
  2722 | D:4      | Slain by an ogre

Illustrated notes

Levels and vault maps discovered:
D:1:      giann_bridges, layout_basic, ebering_ecumenical_altar_box
D:2:      layout_loops_corners, ebering_dispersal_statue_hall,
          serial_bayou_pond_a
D:3:      layout_basic, serial_shops, shop, kennysheep_minor_cross
D:4:      layout_rooms, overflow_temple_1_default

Skill      XL: |  1  2  3  4  5  6 |
---------------+-------------------+-----
Axes           | 2 3 |  3.3
Shields        | 3 4 |  4.0
Armour         | 3 4 |  4.0
Fighting       | 4 |  4.3

Action                     |  1- 3 |  4- 6 || total
---------------------------+-------+-------++-------
  Melee: War axe           |   103 |   132 ||   235
    Use: Scroll            |       |     4 ||     4
         Potion            |       |     2 ||     2
 Armour: Scale mail        |    90 |   125 ||   215
  Dodge: Dodged            |    52 |    59 ||   111
  Block: Buckler           |    25 |    36 ||    61

Table legend: (Time is in decaauts)
 A = Elapsed time spent in this place.
 B = Non-inter-level travel time spent in this place.
 C = Inter-level travel time spent in this place.
 D = Time resting spent in this place.
 E = Time spent auto-exploring this place.
 F = Levels seen in this place.
 G = Mean time per level.
                   A        B        C        D        E       F      G
               +--------+--------+--------+--------+--------+-----+--------+
         Total |   2816 |   2782 |     34 |      0 |   2160 |   4 |  704.0 |
       Dungeon |   2816 |   2782 |     34 |      0 |   2160 |   4 |  704.0 |
               +--------+--------+--------+--------+--------+-----+--------+

Top non-repeatable levels by time:
     D:3: 1021 daAuts
     D:2: 915 daAuts
     D:1: 633 daAuts
     D:4: 247 daAuts
